 Dungeon Crawl Stone Soup version 0.30.1-4-g462c640d31 (webtiles) character file.

Game seed: 17421205018177953409

81 Fortress the Insei (level 4, -1/32 HPs)
             Began as a Merfolk Transmuter on Aug 22, 2023.
             Slain by Natasha (2 damage)
             ... on level 2 of the Dungeon.
             The game lasted 00:06:34 (1803 turns).

Fortress the Insei (Merfolk Transmuter)             Turns: 1803, Time: 00:06:34

Health: -1/32      AC:  3    Str: 10    XL:     4   Next: 40%
Magic:  8/8        EV: 12    Int: 14    God:
Gold:   64         SH:  0    Dex: 14    Spells: 7/8 levels left

rFire   . . .        m - staff of death
rCold   . . .        (no shield)
rNeg    + . .        f - +0 leather armour
rPois   .            (helmet currently unavailable)
rElec   .            (no cloak)
rCorr   .            (no gloves)
SInv    .            (boots currently unavailable)
Will    .....        (no amulet)
Stlth   +            (no ring)
HPRegen 0.25/turn    (no ring)
MPRegen 0.11/turn

%: no passive effects
@: appendages (expiring)
A: horns 2, (nimble swimmer 2), mertail
a: End Transformation


You were on level 2 of the Dungeon.
You had temporarily grown beastly horns.
You visited 1 branch of the dungeon, and saw 2 of its levels.

You collected 64 gold pieces.

Inventory:

Armour
 a - a +0 robe
 f - a +0 leather armour (worn)
Magical Staves
 m - a staff of death (weapon)
Scrolls
 e - 3 scrolls of identify
 g - a scroll of magic mapping {unknown}
 h - a scroll of amnesia {unknown}
 i - a scroll of fear {unknown}
 k - a scroll of enchant weapon {unknown}
 l - a scroll of teleportation {unknown}
Potions
 b - a potion of lignification
 j - a potion of resistance
 n - a potion of brilliance {unknown}
 o - a potion of cancellation {unknown}
 p - a potion of berserk rage {unknown}
 q - a potion of heal wounds {unknown}


   Skills:
 + Level 1.3 Fighting
 + Level 0.3 Staves
 - Level 3.0 Dodging
 + Level 4.2 Unarmed Combat
 + Level 2.7 Spellcasting
 + Level 3.6 Transmutations


You had 7 spell levels left.
You knew the following spells:

 Your Spells              Type           Power      Damage    Failure   Level
a - Beastly Appendage     Tmut           24%        N/A       7%          1

Your spell library contained the following spells:

 Spells                   Type           Power      Damage    Failure   Level
 Wereblood                Tmut           12%        N/A       10%         2
 Spider Form              Tmut/Pois      7%         N/A       38%         3
 Portal Projectile        Hex/Tloc       2%         N/A       65%         3
 Tukima's Dance           Hex            1%         N/A       65%         3
 Ice Form                 Ice/Tmut       7%         N/A       80%         4
 Blade Hands              Tmut           6%         N/A       88%         5


Dungeon Overview and Level Annotations

Branches:
Dungeon (2/15)

Altars:

Annotations:
D:2 Natasha


Innate Abilities, Weirdness & Mutations

You have temporarily grown beastly horns.
((You are very nimble when in or above water. (Stealth+, EV+, Speed+++)))
Your lower body shifts to a powerful aquatic tail in water.


Message History

Natasha attacks as you move away! Natasha barely misses you.
Natasha wildly gestures.
You feel disoriented.
Natasha mumbles some strange words.
The quokka misses you. The quokka attacks as you move away!
The quokka bites you.
* * * LOW HITPOINT WARNING * * *
The cerulean imp hits you from afar with a +1 spear.
* * * LOW HITPOINT WARNING * * *
You hit the quokka but do no damage.
The quokka is heavily wounded.
The cerulean imp disappears in a puff of smoke!
The quokka barely misses you. The cerulean imp barely misses you.
You hit the quokka.
You kill the quokka!
Natasha barely misses you.
The cerulean imp hits you but does no damage.
Your transformation is almost over.
The cerulean imp completely misses you.
You see here 6 boomerangs.
You hit Natasha.
Natasha is lightly wounded.
Natasha barely misses you.
The cerulean imp hits you from afar with a +1 spear.
* * * LOW HITPOINT WARNING * * *
The cerulean imp hits you but does no damage.
Natasha barely misses you.
As you read the scroll labelled BISEUD ATZAR, it crumbles to dust.
You hear a loud clanging noise!
It was a scroll of noise.
The cerulean imp misses you.
The cerulean imp hits you but does no damage.
Natasha claws you but does no damage.
As you read the scroll labelled USIJ FIUHUJIM, it crumbles to dust.
It is a scroll of identify.
j - a potion of resistance The cerulean imp closely misses you.
The cerulean imp hits you from afar with a +0 spear.
* * * LOW HITPOINT WARNING * * *
Natasha claws you.
You die...

############# #...........#
#.....# # #.<.........#
#.....# # #...........#
#.....# # #...........#
#.....##### # #...........#
#.........# # #.†...<.....#
#.........#
####.....†.....###5........#
'..'...........#@h5........#
####...........#.###.......#
# #...........#.# #.......#
# #####'#######.###########
# #.#######.#......# #
#.#.......#.#....#
#.#.###.....#....#
#.#.##....###....#
#.#.....#...'....#


You could see Natasha and 2 cerulean imps.

Vanquished Creatures
  2 adders (D:2)
  7 endoplasms
  3 giant cockroaches
  4 goblins
  5 hobgoblins
  8 jackals
  2 kobolds (D:1)
  3 quokkas
  7 ball pythons
  6 bats
  7 rats
54 creatures vanquished.

Notes
Turn   | Place    | Note
-------+----------+-------------------------------------------
     0 | D:1      | Fortress the Merfolk Transmuter began the quest for the
                  | Orb.
     0 | D:1      | Reached XP level 1. HP: 15/15 MP: 3/3
   156 | D:1      | Reached XP level 2. HP: 21/21 MP: 3/5
   587 | D:1      | Reached XP level 3. HP: 25/26 MP: 6/6
  1216 | D:2      | Reached skill level 4 in Unarmed Combat
  1456 | D:2      | Reached XP level 4. HP: 19/32 MP: 6/8
  1555 | D:2      | HP: 1/32 [adder (4)]
  1785 | D:2      | Noticed Natasha
  1803 | D:2      | HP: 1/32 [cerulean imp/+0 spear[Natasha] (3)]
  1803 | D:2      | Slain by Natasha

Illustrated notes

Levels and vault maps discovered:
D:1:      kennysheep_arrival_forest, layout_loops_ring, hangedman_glass_teeth
D:2:      layout_basic, uniq_natasha

Skill      XL: |  1  2  3 |
---------------+----------+-----
Transmutations | 3 |  3.6
Dodging        | 3 |  3.0
Unarmed Combat | 4 |  4.2
Fighting       | |  1.3
Staves         | |  0.3
Spellcasting   | |  2.7

Action                     |  1- 3 |  4- 6 || total
---------------------------+-------+-------++-------
  Melee: Unarmed           |    78 |       ||    78
         Headbutt          |    12 |     5 ||    17
         Staff             |    65 |    41 ||   106
         Punch             |     1 |     1 ||     2
   Cast: Beastly Appendage |    20 |     5 ||    25
    Use: Scroll            |       |     2 ||     2
         Potion            |       |     2 ||     2
 Armour: Leather armour    |    38 |    16 ||    54
  Dodge: Dodged            |   116 |    52 ||   168
